[Event "*** SCC Grand Prix: Titled Tuesday Blitz"]
[Site "Chess.com"]
[Date "2020.06.23"]
[Round "9"]
[White "Makswolf200817"]
[Black "Violord"]
[Result "1-0"]
[WhiteElo "2450"]
[BlackElo "2611"]
[TimeControl "180+1"]
[EndTime "11:47:39 PDT"]
[Termination "Makswolf200817 won by resignation"]

1. Nf3 g6 2. c4 Bg7 3. g3 e5 4. Nc3 Ne7 5. Bg2 O-O 6. d4 exd4 7. Nxd4 Nbc6 8. Nc2 d6 9. O-O a5 10. Bd2 a4 11. Na3 Be6 12. Nxa4 d5 13. cxd5 Nxd5 14. Nb5 b6 15. Nac3 Nce7 16. a3 c5 17. Rc1 Qd7 18.
Nxd5 Nxd5 19. Nc3 Rad8 20. Nxd5 Bxd5 21. e4 Bc6 22. Bc3 Bxc3 23. Qxd7 Rxd7 24. Rxc3 Bb5 25. Rfc1 Rd2 26. R3c2 Rfd8 27. Bf3 Ba4 28. Rxd2 Rxd2 29. b4 cxb4 30. axb4 Rb2 31. Rc4 Bb5 32. Rc8+ Kg7 33. Kg2 Rxb4 34. Rb8 Bc4 35. e5 Rb2 36. Rb7 h5 37. h3 b5 38. g4 h4 39. Be4 b4 40.
Kf3 b3 41. Ke3 Be6 42. f4 Rh2 43. f5 gxf5 44. gxf5 Rxh3+ 45. Kf4 Bc4 46. Rc7 Bd3 47. Bxd3 Rxd3 48. e6 h3 49. Rxf7+ Kg8 50. f6 h2 51. Rg7+ Kh8 52. e7 Rd4+ 53. Ke5 Re4+ 54. Kxe4 h1=Q+ 55. Kf5 Qf1+ 56. Kg6 Qd3+ 57. Kf7 Qd5+ 58. Kf8 Qd6 59.
Kf7 Qd7 60. Kg6 Qe8+ 61. f7 Qc6+ 62. Kh5 Kxg7 63. f8=Q+ Kh7 64. Qf7+ Kh8 65. e8=Q+ Qxe8 66. Qxe8+ Kg7 67. Qe7+ 1-0

[Event "*** SCC Grand Prix: Titled Tuesday Blitz"]
[Site "Chess.com"]
[Date "2020.06.23"]
[Round "9"]
[White "mbachez"]
[Black "Vuk2000"]
[Result "1/2-1/2"]
[WhiteElo "2458"]
[BlackElo "2629"]
[TimeControl "180+1"]
[EndTime "11:47:42 PDT"]
[Termination "Game drawn - insufficient material"]

1. e4 e6 2. d4 d5 3. Bd3 dxe4 4. Bxe4 Nf6 5. Bf3 c5 6. Ne2 Nc6 7. Be3 Nd5 8. Bxd5 Qxd5 9. Nbc3 Qd8 10. dxc5 Bd7 11.
Ne4 Ne5 12. Bf4 Bc6 13. N2c3 Ng6 14. Nd6+ Bxd6 15. Bxd6 Bxg2 16. Rg1 Bc6 17. Qe2 Qf6 18. O-O-O Qf5 19. Nb5 f6 20. Nd4 Qe4 21. Qxe4 Bxe4 22. Nxe6 Kf7 23. Nd4 Rhe8 24. f4 Nh4 25. Rg3 Nf5 26. Rb3 Nxd4 27. Rxd4 Bc6 28. Kd2 g6 29. Rh3 Kg7 30. Rdd3 Be4 31. Rde3 Rad8 32. b4 h5 33. c4 Kf7 34. Kc3 Bf5 35. Rhg3 h4 36. Rgf3 Bg4 37. Rxe8 Rxe8 38. Rf2 Re3+ 39. Kb2 Be6 40. Rc2 Re4 41. b5 Rxc4 42. a4 Rxa4 43. c6 Ra5 44. Rc5 bxc6 45.
bxc6 Rxc5 46. Bxc5 a6 47. Bd4 Bd5 48. Bf2 Bxc6 49.
Bxh4 Ke6 50. Kc3 a5 51. Kb3 a4+ 52. Kb4 Kf5 53. Ka3 Bd7 54. Bg3 Kg4 55. Kb4 g5 56. fxg5 Kxg5 57. Ka3 Kg4 58. Bd6 f5 59. Kb2 Kf3 60.
Ka1 Ke4 61. h4 Kd5 62. Bf4 Ke4 63. Bc1 f4 64. Bxf4 Kxf4 65. h5 Kg5 66. h6 Kxh6 67.
Kb2 a3+ 68. Ka1 a2 69. Kb2 Be6 70. Ka1 Bf7 71. Kb2 a1=Q+ 72. Kxa1 1/2-1/2

[Event "*** SCC Grand Prix: Titled Tuesday Blitz"]
[Site "Chess.com"]
[Date "2020.06.23"]
[Round "9"]
[White "Elegance_Riks"]
[Black "kingofkolkata"]
[Result "1/2-1/2"]
[WhiteElo "2590"]
[BlackElo "2243"]
[TimeControl "180+1"]
[EndTime "11:47:45 PDT"]
[Termination "Game drawn - insufficient material"]

1. Nf3 d5 2. c4 e6 3. g3 Nf6 4. Bg2 Be7 5. O-O O-O 6. b3 b6 7. Bb2 Bb7 8. e3 Nbd7 9. Nc3 c5 10. cxd5 exd5 11. d4 Rc8 12. Rc1 Ne4 13. Bh3 Nxc3 14.
Bxc3 Rc7 15. Bg2 Bf6 16. Re1 Re8 17. Qd2 Qa8 18. h4 h6 19. Nh2 g6 20. Ng4 Bg7 21. dxc5 d4 22. Bxb7 dxc3 23. Qxd7 Rxd7 24. Bxa8 Rxa8 25. e4 bxc5 26. e5 h5 27. Nf6+ Bxf6 28. exf6 Rd3 29. Re4 Rad8 30. Rc4 R8d6 31. R4xc3 Rd2 32.
R3c2 Rxc2 33. Rxc2 Rxf6 34. Rxc5 Ra6 35. a4 Rb6 36.
Rc3 Rb4 37. Kf1 Kg7 38. Ke2 Kf6 39. Kd2 Ke5 40. Rf3 f5 41. Kc3 Re4 42. b4 Kd5 43.
Rd3+ Kc6 44. Rd4 Re1 45. Rc4+ Kb6 46. Kd3 Rd1+ 47. Ke3 Ra1 48. b5 Ra2 49. Rc6+ Kb7 50. Ra6 Ra3+ 51. Kf4 Ra2 52. f3 Ra3 53. Rxg6 Rxa4+ 54.
Kxf5 Rb4 55. f4 Rxb5+ 56. Ke4 a5 57. Rg5 Rb4+ 58. Kd3 a4 59. Kc2 a3 60. Rxh5 Rb2+ 61.
Kc3 Rg2 62. Kb3 Rxg3+ 63. Ka2 Rg4 64. f5 Rg2+ 65. Kxa3 Kc7 66. Rh6 Kd7 67. Kb4 Rd2 68. Kc5 Ke7 69. h5 Kf7 70. Rd6 Rf2 71. f6 Rxf6 72. Rd5 Kg7 73. Kd4 Kh6 74. Ke4 Rf1 75. Re5 Rh1 76. Kf4 Rxh5 77. Rxh5+ Kxh5 1/2-1/2

[Event "*** SCC Grand Prix: Titled Tuesday Blitz"]
[Site "Chess.com"]
[Date "2020.06.23"]
[Round "9"]
[White "MuhittinBuker"]
[Black "queen_iryna"]
[Result "1-0"]
[WhiteElo "1934"]
[BlackElo "2218"]
[TimeControl "180+1"]
[EndTime "11:47:50 PDT"]
[Termination "MuhittinBuker won on time"]

1. d4 d5 2. c4 c6 3. Nc3 Nf6 4. cxd5 cxd5 5. Nf3 Nc6 6. Bf4 a6 7. e3 e6 8. Bd3 Be7 9. O-O O-O 10. Rc1 Bd7 11. a3 Rc8 12. Bb1 b5 13. b4 a5 14. Nxb5 axb4 15. axb4 Nxb4 16. Rxc8 Qxc8 17.
Qe2 Qa6 18. Nc3 Qxe2 19. Nxe2 Bb5 20. Re1 Rc8 21. Ng3 Nd3 22. Bxd3 Bxd3 23. Ne5 Bb5 24. f3 Nd7 25. Nxd7 Bxd7 26. Ra1 Be8 27. Ra7 Bb4 28.
Bc7 f6 29. Kf2 h5 30. h4 Bf8 31. Ne2 g5 32. hxg5 fxg5 33. Nc1 Bg6 34. Nb3 Bb4 35. Nc5 Bxc5 36. dxc5 Be8 37. Ke2 Bb5+ 38. Kd2 Kf7 39. Kc3 Kg6 40. Kd4 Kf5 41. Be5 Be8 42. Rg7 Ra8 43.
Bd6 Ra4+ 44. Kc3 Rc4+ 45. Kd3 Ra4 46. Rg8 Bb5+ 47. Kc3 Rc4+ 48. Kd2 Ba4 49. Rf8+ Kg6 50. g4 hxg4 51. fxg4 Rxg4 52. Kd3 Rc4 53. Rg8+ Kf6 54. Rf8+ Kg7 55. Ra8 Bc2+ 56. Ke2 g4 57. Kf2 Ba4 58. Kg3 Bd1 59. Be5+ Kf7 60. Ra7+ Ke8 61. Bd6 Kd8 62. Kh4 Ba4 63. Kg5 g3 64. Bxg3 Rxc5 65. Kf6 Bd7 66. Bd6 Rc6 67. Ra8+ Rc8 68. Ra7 Ke8 69. Ra1 Rc6 70. Ke5 Bc8 71. Rh1 Kd7 72. Rh8 1-0

[Event "*** SCC Grand Prix: Titled Tuesday Blitz"]
[Site "Chess.com"]
[Date "2020.06.23"]
[Round "9"]
[White "elohunter1999"]
[Black "PowerThinking2650"]
[Result "0-1"]
[WhiteElo "2436"]
[BlackElo "2325"]
[TimeControl "180+1"]
[EndTime "11:47:52 PDT"]
[Termination "PowerThinking2650 won by checkmate"]

1. e4 e5 2. Nf3 Nc6 3. Bb5 a6 4.
Ba4 Nf6 5. O-O Be7 6. Re1 b5 7. Bb3 d6 8. c3 O-O 9. h3 Bb7 10. d4 Re8 11. Nbd2 Bf8 12. a3 h6 13. Bc2 Nb8 14.
b4 Nbd7 15. Bb2 g6 16. dxe5 dxe5 17. c4 Nh5 18. c5 Nf4 19. Nb3 Bc8 20. Na5 Qf6 21. Qd5 Nxd5 22. exd5 Nxc5 23. bxc5 Bxc5 24. Bxe5 Qd8 25. Rad1 Bf5 26. Bxf5 gxf5 27. Nc6 Qd7 28. Nh4 Kh7 29. Rd3 f6 30. Bc3 Rxe1+ 31. Bxe1 Re8 32. Bc3 Re2 33. Bd4 Bxd4 34. Rxd4 Qd6 35. g3 Qxa3 36.
Nxf5 Qc1+ 37. Kg2 Qc2 38. Rf4 Re4 39. Ncd4 Qb1 40. Rf3 Re1 41. h4 Rg1+ 42. Kh3 Rh1+ 43. Kg4 Qe4+ 44. Rf4 Qe8 45. Ne6 h5+ 46. Kf3 c6 47.
Nfd4 cxd5 48. Rf5 Qg6 49. Rxd5 Qg4+ 50. Ke3 Re1+ 51. Kd2 Qe4 52. Rd7+ Kg8 53. Rd8+ Kf7 54. Rd7+ Ke8 55. Ra7 Rf1 56. Ng7+ Kd8 57. Nge6+ Ke8 58. Ng7+ Kf8 59. Nge6+ Kg8 60. Ra8+ Kh7 61. Ra7+ Kg6 62. Nf8+ Kh6 63. Rh7+ Qxh7 64. Nxh7 Kxh7 65. Ke3 Rc1 66. Nf3 Rc3+ 67. Kf4 Rxf3+ 68. Kxf3 Kg6 69. Ke3 a5 70. f3 a4 71. Kd3 a3 72. Kc3 b4+ 73. Kb3 f5 74.
Ka2 f4 75. gxf4 Kf5 76. Kb3 Kxf4 77. Kxb4 a2 78. Ka3 a1=Q+ 79. Kb3 Kxf3 80. Kc2 Qa2+ 81. Kd1 Ke3 82. Ke1 Qb1# 0-1

[Event "*** SCC Grand Prix: Titled Tuesday Blitz"]
[Site "Chess.com"]
[Date "2020.06.23"]
[Round "9"]
[White "arvielozano"]
[Black "esrosenberg"]
[Result "1-0"]
[WhiteElo "2063"]
[BlackElo "2151"]
[TimeControl "180+1"]
[EndTime "11:47:58 PDT"]
[Termination "arvielozano won by checkmate"]

1. Nf3 Nf6 2. g3 e6 3. Bg2 d5 4.
d3 c5 5. O-O Nc6 6. Nbd2 b6 7.
e4 Bb7 8. Qe2 Be7 9. e5 Nd7 10.
Re1 h5 11. h4 Qc7 12. c4 O-O-O 13. cxd5 exd5 14. e6 fxe6 15. Qxe6 d4 16. Nc4 Rhf8 17. Bf4 Rxf4 18. gxf4 Qxf4 19. Nfe5 Nxe5 20. Nxe5 Bxg2 21. Kxg2 Bxh4 22. Qc6+ Kb8 23. Nxd7+ Rxd7 24. Re8+ Rd8 25. Rxd8+ Bxd8 26. Re1 Qg4+ 27. Kf1 Qh3+ 28. Ke2 Qg4+ 29. Qf3 Qxf3+ 30. Kxf3 Bf6 31. Rh1 h4 32. Kg4 Kc7 33. Kf5 Kd6 34. Re1 a5 35. Kg4 Kc6 36. Re8 Kb5 37.
Rb8 a4 38. Rb7 Ka6 39. Rb8 b5 40. Rc8 Kb6 41. Rb8+ Kc6 42. Rc8+ Kd6 43. Rb8 b4 44. Ra8 a3 45. bxa3 bxa3 46. Rxa3 Kd5 47. Ra6 c4 48. Ra5+ Kc6 49. dxc4 d3 50. Rd5 d2 51. Rxd2 Kc5 52.
Rc2 Kb4 53. c5 Bd8 54. c6 Bc7 55. Kxh4 Kb5 56. Kg5 Ka4 57. Kg6 Ka3 58. Kxg7 Kb4 59. f4 Kb5 60. f5 Be5+ 61. f6 Kb6 62. c7 Bxc7 63. Rxc7 Kxc7 64. f7 Kd7 65. f8=Q Ke6 66. a4 Kd7 67. a5 Kc7 68. Qe8 Kb7 69. Qb5+ Ka8 70. Qa6+ Kb8 71. Kf6 Kc7 72. Qa7+ Kc8 73.
Qb6 Kd7 74. a6 Kc8 75. a7 Kd7 76. a8=N Kc8 77. Qc7# 1-0

[Event "*** SCC Grand Prix: Titled Tuesday Blitz"]
[Site "Chess.com"]
[Date "2020.06.23"]
[Round "9"]
[White "Salem-AR"]
[Black "Man-Chuk"]
[Result "1-0"]
[WhiteElo "2941"]
[BlackElo "2847"]
[TimeControl "180+1"]
[EndTime "11:47:59 PDT"]
[Termination "Salem-AR won by resignation"]

1. d4 Nf6 2. c4 e6 3. Nf3 d5 4. g3 Bb4+ 5. Bd2 Be7 6. Bg2 O-O 7. O-O c6 8. Qc2 Nbd7 9. Rd1 b6 10.
b3 Ba6 11. a4 Qc8 12. Na3 c5 13. dxc5 Nxc5 14. Nb5 Bb7 15. Bf4 dxc4 16. bxc4 Be4 17. Qb2 Rd8 18. Nd6 Bxd6 19. Bxd6 Ne8 20. Be7 Rxd1+ 21.
Rxd1 Qc7 22. Bxc5 Qxc5 23. Qb5 Rc8 24. Ne5 Bxg2 25. Kxg2 g6 26. Qd7 Qc7 27. f4 Nf6 28. Qxc7 Rxc7 29. Kf3 Kg7 30. Rd8 h5 31. h3 Rc5 32.
Rb8 Rc7 33. Rd8 Rc5 34. e3 Ra5 35. Rb8 Nh7 36. Rb7 g5 37. Rxf7+ Kg8 38. Rb7 gxf4 39. exf4 Rxa4 40. g4 Ra3+ 41. Ke2 hxg4 42. hxg4 Nf6 43. Re7 Ne4 44. g5 Ng3+ 45. Kf2 Nf5 46. Rxe6 Ra2+ 47. Kf1 Ne3+ 48. Kg1 Ra1+ 49. Kf2 Nf5 50. Rf6 Nd4 51.
Ke3 Nc2+ 52. Ke4 Re1+ 53. Kf5 Kg7 54. Rf7+ Kg8 55. Rxa7 Nd4+ 56. Kg6 Ne6 57. Ra8+ Nf8+ 58. Kf6 Rd1 59. Nf7 Rd7 60. Nh6+ Kh7 61. Rxf8 b5 62. cxb5 Rd6+ 63. Ke5 Rb6 64. Rf7+ Kh8 65. Rf6 Rxb5+ 66. Ke4 Rb4+ 67. Kf5 Kh7 68. Rf7+ Kh8 69. Rf6 Kh7 70. Kg4 Rb1 71. Rf7+ Kh8 72. Nf5 Kg8 73. g6 Rh1 74. Ne7+ Kh8 75. g7+ 1-0

[Event "*** SCC Grand Prix: Titled Tuesday Blitz"]
[Site "Chess.com"]
[Date "2020.06.23"]
[Round "9"]
[White "GM_dmitrij"]
[Black "LiverpooL174"]
[Result "1/2-1/2"]
[WhiteElo "2909"]
[BlackElo "2709"]
[TimeControl "180+1"]
[EndTime "11:48:03 PDT"]
[Termination "Game drawn by repetition"]

1. e4 c6 2. Nf3 d5 3. Nc3 Bg4 4.
h3 Bxf3 5. Qxf3 e6 6. Be2 Nd7 7. d4 dxe4 8. Nxe4 Ngf6 9. O-O Nxe4 10. Qxe4 Nf6 11. Qd3 Bd6 12. Rd1 O-O 13. Bg5 Be7 14.
Qb3 Qc7 15. c4 Ne4 16. Be3 Rad8 17. Rac1 a6 18. d5 exd5 19. Bb6 Qf4 20. cxd5 Rxd5 21. Be3 Qe5 22. Rxd5 cxd5 23. Qxb7 d4 24. f4 Qe6 25.
Bxd4 Ng3 26. Bf3 Ne2+ 27. Bxe2 Qxe2 28. Qf3 Qe6 29. a3 Rd8 30. Bc3 f6 31. Re1 Bc5+ 32.
Kh1 Qf5 33. Qe4 Qxe4 34. Rxe4 Rd1+ 35. Re1 Rd3 36. Kh2 Bf2 37. Rf1 Bg3+ 38. Kg1 h5 39.
Be1 h4 40. Bxg3 hxg3 41. Rc1 Rd2 42. Rb1 Kf7 43. b4 Ra2 44. Kf1 Ke6 45. Rb3 Kf5 46. Rxg3 Kxf4 47. Rxg7 Rxa3 48. Kf2 Ra2+ 49. Kg1 Rb2 50.
Kh2 Kf5 51. Ra7 Rxb4 52. Rxa6 Kg6 53. Ra5 Rb3 54. Ra2 Rc3 55. Rf2 Rb3 56. Rf3 Rb4 57.
Rg3+ Kh6 58. Rd3 Ra4 59. Rg3 Rb4 60. Rg8 Kh7 61. Rg3 Ra4 62. Rc3 Kg6 63. Kg3 Rb4 64. Kf3 Ra4 65. Re3 Rb4 66. Re4 Rb3+ 67. Kf4 Rb1 68. Re2 Rf1+ 69. Kg4 Rf5 70. h4 Ra5 71.
Rf2 Ra4+ 72. Rf4 Ra5 73. g3 Rb5 74. Rd4 Ra5 75. Rd8 Rb5 76. Rg8+ Kh6 77. Ra8 Kg6 78.
Re8 Rb4+ 79. Kh3 Ra4 80. Re3 Rb4 81. Rf3 Ra4 82. Rf4 Rxf4 83. gxf4 f5 84. Kg3 Kh5 85. Kh3 Kh6 86. Kg3 Kh5 87. Kh3 Kh6 88. Kg3 Kg6 89. Kf3 Kh5 90. Kg3 Kh6 91. Kh3 Kg6 92. Kg3 Kh5 1/2-1/2

[Event "*** SCC Grand Prix: Titled Tuesday Blitz"]
[Site "Chess.com"]
[Date "2020.06.23"]
[Round "9"]
[White "jonaszmb"]
[Black "crazy_but_lazy"]
[Result "1/2-1/2"]
[WhiteElo "2468"]
[BlackElo "2336"]
[TimeControl "180+1"]
[EndTime "11:48:21 PDT"]
[Termination "Game drawn by repetition"]

1. e4 e6 2. d4 d5 3. Bd3 dxe4 4. Bxe4 Nf6 5. Bf3 Bd6 6. Ne2 Nbd7 7. c4 e5 8. Nbc3 O-O 9. O-O Re8 10. g3 c6 11. Bg2 Nf8 12. dxe5 Bxe5 13. Qc2 Ng6 14. Be3 Qc7 15. Bd4 Bg4 16. h3 Be6 17. b3 Rad8 18. Rad1 Qc8 19. Bxe5 Nxe5 20. Nf4 Ng6 21. Nxe6 Qxe6 22.
Rxd8 Rxd8 23. Rd1 Rxd1+ 24. Qxd1 h5 25. h4 Ne5 26. Qe2 Qd6 27. Ne4 Nxe4 28. Bxe4 g6 29. Bg2 a5 30. f3 Qd4+ 31. Kh2 a4 32. bxa4 Nxc4 33. Qe8+ Kg7 34. Qe7 Ne3 35. Kh3 Qd2 36. Qe5+ Kh7 37. Bh1 Nf1 38. Bg2 Qf2 39. Bxf1 Qxf1+ 40. Kh2 Qf2+ 41. Kh3 Qxf3 42. Kh2 Qf2+ 43. Kh1 Qxa2 44.
Qc7 Qb3 45. a5 Kg7 46. Qe5+ Kg8 47. Qb8+ Kh7 48. Qc7 Qb1+ 49. Kh2 Qc2+ 50. Kh1 Qe4+ 51. Kh2 Qe2+ 52. Kh1 Qf1+ 53. Kh2 Qf2+ 54. Kh1 Qe1+ 55. Kh2 Qd2+ 56. Kh1 Qd5+ 57. Kh2 c5 58. Qb6 c4 59. a6 bxa6 60. Qxa6 Kg7 61. Qa1+ Kh7 62. Qf6 Qe6 63. Qd4 Qc6 64. Qc3 Qc7 65. Kh3 Qd7+ 66. Kh2 Qd3 67. Qf6 Qf5 68. Qc6 Qe6 69. Qc7 Kg7 70.
Kg2 Qe2+ 71. Kh3 Qe6+ 72. Kh2 Qd5 73. Qc8 Qd4 74. Qc7 c3 75. g4 hxg4 76. h5 gxh5 77. Kg3 Qd3+ 78. Kh4 g3 79. Qe5+ f6 80. Qe7+ Kg6 81. Qe8+ Kh7 82. Qf7+ Kh6 83. Qf8+ Kg6 84. Qg8+ Kh6 85. Qf8+ Kh7 86. Qf7+ Kh8 87. Qf8+ Kh7 88. Qf7+ 1/2-1/2

[Event "*** SCC Grand Prix: Titled Tuesday Blitz"]
[Site "Chess.com"]
[Date "2020.06.23"]
[Round "9"]
[White "chessplayer9919"]
[Black "andriipalchuk"]
[Result "1/2-1/2"]
[WhiteElo "2521"]
[BlackElo "2389"]
[TimeControl "180+1"]
[EndTime "11:48:48 PDT"]
[Termination "Game drawn - insufficient material"]

1. d4 Nf6 2. c4 e6 3. Nf3 b6 4.
g3 Ba6 5. Qc2 c5 6. Bg2 Bb7 7.
d5 exd5 8. cxd5 Nxd5 9. O-O Be7 10. Rd1 Nc6 11. Qa4 Nf6 12. Nh4 O-O 13. Nf5 d5 14.
Bg5 Nd4 15. Nxd4 cxd4 16. Qxd4 h6 17. Bxf6 Bxf6 18. Qd2 Qe7 19. Nc3 d4 20. Nd5 Bxd5 21. Bxd5 Rac8 22. Rac1 Rfd8 23. Bf3 Rc5 24. Qd3 Rdc8 25.
Rxc5 Qxc5 26. Kg2 g6 27. h4 h5 28. Be4 Kg7 29. Qb3 Qc4 30. Qxc4 Rxc4 31. Bd3 Rc7 32. Kf3 Kf8 33. Ke4 Ke7 34. b3 Rc5 35. a4 a5 36. Bc4 Re5+ 37. Kd3 Rf5 38. f4 Rc5 39. Ke4 Rc7 40. Kf3 Rd7 41. Rd3 Rd6 42. e4 Bg7 43.
e5 Rd8 44. Ke4 f6 45. Rxd4 Rxd4+ 46. Kxd4 fxe5+ 47. fxe5 Bh6 48. Bd3 g5 49. Bg6 gxh4 50.
gxh4 Bf4 51. Bxh5 Bg3 52. Bf3 Bxh4 53. Kd5 Bf2 54. e6 Bg1 55. Bg4 Bf2 56. Ke4 Bg1 57. Kd3 Bc5 58. Ke2 Bg1 59. Bh3 Bc5 60. Kd3 Bg1 61.
Ke2 Bc5 62. Kf1 Bd4 63. Kg2 Bc5 64. Kf3 Bd4 65. Ke4 Bc5 66. Kd5 Bg1 67. Kc4 Bc5 68.
Kb5 Bg1 69. b4 axb4 70. Kxb4 Bc5+ 71. Kb5 Bg1 72. Bg4 Bf2 73. Bf5 Bg1 74. Kc6 Bf2 75. Kd5 Bg1 76. Bd3 Bf2 77. Bb5 Bg1 78. Bd7 Bf2 79.
Kc6 Bg1 80. Kb5 Bf2 81. a5 bxa5 82. Kxa5 Bg1 83. Kb5 Bf2 84. Kc4 Bh4 85. Kd5 Bf6 86.
Ke4 Bh8 87. Kf5 Ba1 88. Kg6 Bh8 89. Kf5 Ba1 90. Ba4 Bb2 91. Bd1 Bh8 92. Bh5 Ba1 93. Bg4 Bh8 94. Ke4 Ba1 95. Kd5 Bh8 96. Kc6 Ba1 97.
Kd5 Bh8 98. Ke4 Ba1 99. Kf5 Bh8 100. Kg6 Ba1 101. Kh7 Bd4 102. Bh3 Ba1 103. Bf1 Bc3 104. Kg6 Bb2 105. Kf5 Ba1 106. Ke4 Bh8 107. Bc4 Ba1 108. Kd3 Bh8 109. Ba2 Bg7 110. Kc4 Bh8 111. Kd5 Bf6 112. Ke4 Ba1 113. Kf5 Bh8 114. Bb3 Ba1 115. Ba4 Bh8 116. Be8 Ba1 117. Bf7 Bh8 118. Ke4 Ba1 119. Kd3 Bh8 120. Bh5 Bg7 121. Ke4 Bh8 122. Kf4 Ba1 123. Ke3 Bh8 124. Kd2 Bg7 125. Kc1 Kxe6 1/2-1/2

[Event "*** SCC Grand Prix: Titled Tuesday Blitz"]
[Site "Chess.com"]
[Date "2020.06.23"]
[Round "9"]
[White "ElviraBerend"]
[Black "Pavel_Mir"]
[Result "1/2-1/2"]
[WhiteElo "2481"]
[BlackElo "2359"]
[TimeControl "180+1"]
[EndTime "11:49:14 PDT"]
[Termination "Game drawn by 50-move rule"]

1. d4 Nf6 2. c4 g6 3. g3 Bg7 4.
Bg2 d5 5. cxd5 Nxd5 6. Nf3 O-O 7. O-O Nb6 8. Nc3 Nc6 9. e3 Re8 10. Nh4 e5 11. d5 Na5 12. e4 c6 13. Rb1 cxd5 14.
exd5 Nac4 15. b3 Nd6 16. Ba3 e4 17. Bxd6 Bxc3 18. Qc1 Qxd6 19. Qxc3 g5 20. Rfe1 gxh4 21. Bxe4 Bd7 22. Re3 Rxe4 23. Rxe4 Bf5 24. Rbe1 Bxe4 25. Rxe4 Qg6 26. Qd4 f5 27. Re6 Qg7 28. Qxh4 Nxd5 29. Rd6 Ne7 30. Rd7 Re8 31. Qc4+ Qf7 32. Qc7 Qe6 33.
Qxb7 Qe1+ 34. Kg2 Qe4+ 35. Qxe4 fxe4 36. Rxa7 Kf7 37. Rb7 Kf6 38. a4 h5 39. a5 Nd5 40.
b4 Ra8 41. Kf1 Ke5 42. Ke2 Kd4 43. Rh7 Nxb4 44. Rxh5 Nc6 45. f3 exf3+ 46. Kxf3 Nxa5 47. h4 Nc4 48. Rh7 Ne5+ 49. Kg2 Ra2+ 50. Kh3 Ke4 51. h5 Nf3 52. Kg4 Ne5+ 53. Kg5 Rg2 54. Ra7 Rxg3+ 55. Kf6 Ng4+ 56. Ke6 Rh3 57. Ra4+ Kf3 58. Ra3+ Ne3 59. h6 Rxh6+ 60. Ke7 Rh7+ 61. Ke6 Rh6+ 62. Ke7 Rh5 63.
Ke6 Rb5 64. Ke7 Kf4 65. Ra4+ Ke5 66. Ra7 Nf5+ 67. Kf7 Rc5 68. Rb7 Ra5 69. Rb1 Ra7+ 70.
Kg6 Rg7+ 71. Kh5 Ng3+ 72. Kh6 Nf5+ 73. Kh5 Rg8 74. Rb5+ Kf4 75. Rb4+ Ke3 76. Rb3+ Ke4 77. Rb4+ Nd4 78. Kh6 Ke5 79. Kh7 Rg2 80. Ra4 Ne6 81.
Kh6 Kf6 82. Kh5 Rg5+ 83. Kh4 Rg7 84. Kh5 Rg5+ 85. Kh4 Rg1 86. Kh3 Rg8 87. Kh2 Rg7 88.
Rb4 Rg6 89. Ra4 Rg5 90. Rb4 Rg6 91. Ra4 Kf5 92. Rb4 Nf4 93. Ra4 Nd3 94. Ra3 Ne5 95. Ra4 Ng4+ 96. Kg3 Ne3+ 97. Kf3 Nd5 98. Ra5 Ke5 99.
Rb5 Rf6+ 100. Kg3 Rg6+ 101. Kf3 Rg7 102. Kf2 Rf7+ 103. Kg3 Ke4 104. Kg4 Rg7+ 105. Kh3 Nf4+ 106. Kh2 Rh7+ 107. Kg3 Rg7+ 108. Kh2 Rg2+ 109. Kh1 Rd2 1/2-1/2

[Event "*** SCC Grand Prix: Titled Tuesday Blitz"]
[Site "Chess.com"]
[Date "2020.06.23"]
[Round "9"]
[White "RobertoJBM"]
[Black "OK97"]
[Result "0-1"]
[WhiteElo "2672"]
[BlackElo "2832"]
[TimeControl "180+1"]
[EndTime "11:49:27 PDT"]
[Termination "OK97 won by checkmate"]

1. d4 d6 2. e4 Nf6 3. Nc3 g6 4. f3 Bg7 5. Be3 a6 6. Qd2 b5 7. a4 b4 8. Nd1 a5 9. Nf2 Nbd7 10.
c3 O-O 11. Bb5 c5 12. Ne2 Qc7 13. O-O Nb6 14. d5 e6 15. dxe6 Bxe6 16. cxb4 axb4 17. Nf4 Bc4 18. Bxc4 Nxc4 19. Qe2 Nxe3 20. Qxe3 Bh6 21. Nd5 Bxe3 22. Nxc7 Ra5 23. b3 Rc8 24. Nb5 d5 25.
exd5 Nxd5 26. Rfd1 Nc3 27. Nxc3 bxc3 28. Ra2 Rb8 29. Rb1 c4 30. Rc2 Rxb3 31. Rxb3 cxb3 32. Rxc3 b2 33. Rb3 Rxa4 34. Kf1 Ra1+ 35. Ke2 Bxf2 36. Rxb2 Bd4 37. Rd2 Bf6 38. f4 h5 39. Kf3 Ra3+ 40. Ke4 Kg7 41. g3 Ra4+ 42. Kf3 Ra5 43. Rd3 g5 44.
fxg5 Bxg5 45. h3 Kg6 46. Ke4 Ra4+ 47. Kf3 Ra6 48. Rd5 Re6 49. Rd3 Bf6 50. Kf4 Re5 51.
g4 hxg4 52. hxg4 Re6 53. Rd5 Ra6 54. Rb5 Ra4+ 55. Kf3 Bg5 56. Rf5 f6 57. Rb5 Rd4 58. Ra5 Rd6 59. Rb5 Re6 60. Rb3 Kf7 61. Rb7+ Re7 62.
Rb3 Ke6 63. Ke4 Rd7 64. Rb6+ Rd6 65. Rb8 Ra6 66. Rb4 Ra5 67. Rb6+ Ke7 68. Rb4 Ra1 69. Kf5 Rf1+ 70. Kg6 Ke6 71. Re4+ Kd5 72. Ra4 Ke5 73. Kh5 Rf4 74. Ra5+ Ke4 75. Ra3 Rf3 76. Ra4+ Ke3 77. Kg6 Kf2 78. Kh5 Kg3 79. Ra1 Kg2 80. Ra2+ Rf2 81.
Ra3 Re2 82. Rb3 Kf2 83. Ra3 Re3 84. Ra1 Kf3 85. Ra2 Kf4 86. Ra4+ Re4 87. Ra3 Ke5 88. Ra5+ Ke6 89. Ra6+ Kf7 90. Ra7+ Re7 91. Ra6 Bf4 92. Ra4 Be5 93. g5 f5 94. Ra6 f4 95. Kg4 Kg7 96.
Ra4 Bc7 97. Ra7 Rf7 98. Kf3 Kg6 99. Kg4 f3 100. Ra1 f2 101. Rf1 Bb6 102. Kh4 Rf4+ 103. Kg3 Kxg5 104. Kg2 Rf5 105. Rb1 Bd4 106. Kf1 Rf4 107. Rb8 Kg4 108. Rb3 Kf5 109. Rb8 Rg4 110. Rf8+ Ke4 111. Ke2 Rg1 112. Re8+ Kd5 113. Rd8+ Kc4 114. Rc8+ Bc5 115. Rxc5+ Kxc5 116.
Kxf2 Rg7 117. Ke3 Kd5 118. Kf4 Rf7+ 119. Ke3 Ke5 120. Kd3 Rf4 121. Ke2 Ke4 122. Kd2 Rf3 123. Ke2 Rh3 124. Ke1 Rh2 125. Kd1 Kd3 126. Ke1 Ke3 127. Kf1 Rf2+ 128. Ke1 Rf3 129. Kd1 Kd3 130. Kc1 Kc3 131. Kd1 Re3 132. Kc1 Re1# 0-1

[Event "*** SCC Grand Prix: Titled Tuesday Blitz"]
[Site "Chess.com"]
[Date "2020.06.23"]
[Round "9"]
[White "Bazarov04"]
[Black "ferdipy"]
[Result "1-0"]
[WhiteElo "2501"]
[BlackElo "2373"]
[TimeControl "180+1"]
[EndTime "11:49:40 PDT"]
[Termination "Bazarov04 won on time"]

1. d4 Nf6 2. Nf3 e6 3. Bg5 c5 4. e3 b6 5. Nbd2 Be7 6. c3 O-O 7.
Bd3 Ba6 8. Qe2 Bxd3 9. Qxd3 cxd4 10. exd4 d6 11. O-O Nbd7 12. a4 Qc7 13. Rfe1 Rfe8 14. Bh4 a6 15. Bg3 Qc6 16. h3 b5 17. axb5 axb5 18.
Nb3 Qc4 19. Qc2 Nd5 20. Nfd2 Qc6 21. Qd3 N5b6 22. Ra5 Nc4 23. Rxa8 Rxa8 24. d5 Qc7 25. dxe6 fxe6 26. Rxe6 Ndb6 27. Qe4 Bf8 28. Re8 Rxe8 29. Qxe8 Qd7 30. Qxd7 Nxd7 31. Nxc4 bxc4 32. Nd2 d5 33. b3 cxb3 34. Nxb3 Kf7 35. Kf1 Nf6 36. f3 Ke6 37. Ke2 g6 38. Kd3 Nd7 39. Bf4 Bg7 40.
Be3 Ke7 41. Bd4 Bf8 42. Nc5 Nb8 43. Nb3 Ke6 44. Bc5 Bg7 45. Bd4 Bf8 46. Nc5+ Kf7 47. f4 Nc6 48. Nd7 Be7 49. Ne5+ Nxe5+ 50. Bxe5 Ke6 51. Ke3 Bc5+ 52. Kf3 Ba3 53. g4 Bc1 54. Bd4 Bd2 55. h4 Bc1 56. h5 Bd2 57. h6 Bc1 58. Be3 Bb2 59. Bd2 Ba1 60. Ke3 Bb2 61. Kd4 Ba3 62. Be3 Bf8 63. g5 Kd6 64. Kd3 Ke6 65. Bd4 Bd6 66. Be3 Kf5 67. Kd4 Ke6 68. Bc1 Bf8 69. c4 dxc4 70. Kxc4 Kf5 71. Kd5 Bb4 72. Kc6 Ke6 73. Be3 Bf8 74. Bd2 Bd6 75. Bc1 Be7 76. Kc7 Bd6+ 77. Kd8 Be7+ 78. Ke8 Bd6 79. Bd2 Be7 80. Bc3 Bd6 81. Be5 Be7 82. Bb8 Bc5 83. Bc7 Be7 84. f5+ gxf5 85. g6 hxg6 86. h7 Bf6 87. Bf4 g5 88. Bxg5 Bh8 89. Kf8 Bd4 90. Kg8 f4 91. Bxf4 Kf5 92. Bh6 Kg6 93.
Be3 Bg7 94. Bc5 Bf6 95. Be7 Bg7 96. Bf8 Bf6 97. Bb4 Bg7 98. Bd2 1-0

[Event "*** SCC Grand Prix: Titled Tuesday Blitz"]
[Site "Chess.com"]
[Date "2020.06.23"]
[Round "10"]
[White "PlayChessSimple"]
[Black "dopolian"]
[Result "1-0"]
[WhiteElo "2519"]
[BlackElo "2354"]
[TimeControl "180+1"]
[EndTime "11:50:53 PDT"]
[Termination "PlayChessSimple won by resignation"]

1. e4 e5 2. Nf3 Nc6 3. Nc3 Nf6 4. Bb5 Bc5 5. O-O O-O 6. Nxe5 Nxe5 7. d4 Bd6 8. f4 Nc6 9. e5 Bb4 10. exf6 Qxf6 11.
d5 Qe6 12. dxe6 1-0

[Event "*** SCC Grand Prix: Titled Tuesday Blitz"]
[Site "Chess.com"]
[Date "2020.06.23"]
[Round "10"]
[White "profofchess"]
[Black "Kavyev_Ruslan"]
[Result "1-0"]
[WhiteElo "2408"]
[BlackElo "2528"]
[TimeControl "180+1"]
[EndTime "11:51:43 PDT"]
[Termination "profofchess won by resignation"]

1. e4 c5 2. Nf3 d6 3. c3 Nf6 4. Bc4 e6 5. Qe2 Be7 6. Bb3 O-O 7. O-O Nc6 8. d4 cxd4 9. cxd4 d5 10. e5 Ne4 11.
Nc3 Nxc3 12. bxc3 a5 13. Bc2 h6 14. Qd3 g6 15. Bxh6 Re8 16. Qe3 b5 17. Qf4 b4 18.
Qg4 Kh7 19. Ng5+ Bxg5 20. Bxg5 Qd7 21. Qh4+ Kg8 22. Bf6 1-0

[Event "*** SCC Grand Prix: Titled Tuesday Blitz"]
[Site "Chess.com"]
[Date "2020.06.23"]
[Round "10"]
[White "Herracek"]
[Black "ShimanovAlex"]
[Result "1-0"]
[WhiteElo "2601"]
[BlackElo "2836"]
[TimeControl "180+1"]
[EndTime "11:52:09 PDT"]
[Termination "Herracek won by resignation"]

1. c4 f5 2. e4 fxe4 3. d3 exd3 4. Bxd3 Nf6 5. g4 e5 6. g5 e4 7. gxf6 Bb4+ 8. Nc3 exd3 9. Qh5+ g6 10. Qe5+ Be7 1-0

[Event "*** SCC Grand Prix: Titled Tuesday Blitz"]
[Site "Chess.com"]
[Date "2020.06.23"]
[Round "10"]
[White "MoreChessJulia"]
[Black "HrvojeZagreb"]
[Result "0-1"]
[WhiteElo "1763"]
[BlackElo "2103"]
[TimeControl "180+1"]
[EndTime "11:52:37 PDT"]
[Termination "HrvojeZagreb won by resignation"]

1. d4 e6 2. c4 f5 3. Nf3 Nf6 4. g3 d6 5. Bg2 Be7 6. O-O O-O 7.
b3 Nc6 8. Bb2 Qe8 9. Nbd2 Ne4 10. Nxe4 fxe4 11. Nd2 d5 12. e3 Nb4 13. Ba3 a5 14. f4 c6 15. h3 h5 16. Kh2 Bd7 17.
Rf2 Nd3 18. Rf1 Bxa3 0-1